 Dungeon Crawl Stone Soup version 0.31.0-9-g3a7656b989 (webtiles) character file.

Game seed: 8613085188785838451

49 Colgate the Trooper (level 3, -3/31 HPs)
             Began as an Armataur Hedge Wizard on Jan 27, 2024.
             Slain by Terence
             ... wielding a +0 trident of protection
              (9 damage)
             ... on level 2 of the Dungeon.
             The game lasted 00:04:50 (1947 turns).

Colgate the Trooper (Armataur Hedge Wizard)         Turns: 1947, Time: 00:04:50

Health: -3/31      AC:  8    Str: 23    XL:     3   Next: 53%
Magic:  7/7        EV:  4    Int: 14    God:
Gold:   83         SH:  0    Dex:  9    Spells: 6/7 levels left

rFire   . . .        m - +0 whip
rCold   . . .        (no shield)
rNeg    . . .        i - +0 plate armour
rPois   .            c - +0 hat
rElec   .            (no cloak)
rCorr   .            (no gloves)
SInv    .            (no barding)
Will    .....        (no amulet) Stlth
                     n - +6 ring of strength
HPRegen 0.25/turn    (no ring)
MPRegen 0.10/turn

%: roll
@: no status effects
A: large, deformed body, tough skin 3, armoured tail, roll 1
a: no special abilities


You were on level 2 of the Dungeon.
You visited 1 branch of the dungeon, and saw 2 of its levels.

You collected 83 gold pieces.

Inventory:

Hand Weapons
 a - a +0 dagger
 m - a +0 whip (weapon)
Missiles
 p - 2 javelins
 q - 6 darts of dispersal
Armour
 b - a +0 robe
 c - a +0 hat (worn)
 e - a +0 scale mail
 i - a +0 plate armour (worn)
Jewellery
 n - a +6 ring of strength (left hand)
Scrolls
 j - 2 scrolls of teleportation {unknown}
 k - 3 scrolls of noise {unknown}
Potions
 d - a potion of magic
 f - a potion of enlightenment {unknown}
 g - a potion of berserk rage {unknown}
 h - a potion of invisibility {unknown}
 l - a potion of haste {unknown}
 o - a potion of curing {unknown}


   Skills:
 + Level 3.0 Fighting
 - Level 1.3 Dodging
 - Level 2.1 Stealth
 - Level 2.6 Spellcasting
 - Level 0.8 Conjurations
 - Level 0.7 Summonings
 - Level 1.0 Translocations


You had 6 spell levels left.
You knew the following spells:

 Your Spells              Type           Power      Damage    Failure   Level
a - Magic Dart            Conj           16%        1d3       98%         1

Your spell library contained the following spells:

 Spells                   Type           Power      Damage    Failure   Level
 Slow                     Hex            4%         N/A       99%         1
 Blink                    Tloc           8%         N/A       99%         2
 Call Imp                 Summ           6%         N/A       99%         2
 Cigotuvi's Dreadful Rot  Necr/Alch/Air  2%         N/A       100%        2
 Mephitic Cloud           Conj/Alch/Air  2%         N/A       100%        3


Dungeon Overview and Level Annotations

Branches:
Dungeon (2/15)

Altars:

Annotations:
D:2 Terence


Innate Abilities, Weirdness & Mutations

Armour fits poorly on your strangely shaped body.
You have extremely tough skin. (AC +3)
You have a long armoured tail.
You regenerate magic when rolling toward enemies. (Rampage MPRegen)


Message History

You now have 83 gold pieces (gained 10).
j - 2 scrolls labelled NOOTEL ENLO (gained 1)
You see here a +0 sling.
Found an escape hatch in the floor.
No target in view!
There is an escape hatch in the floor here.
Terence is nearby!
Throw: 5 javelins
Press: ? - help, Shift-Dir - straight line, f - Terence
Aim: Terence, wielding a +0 trident of protection and wearing a +0 scale mail (wandering, hasn't noticed you, 54% to hit)
You throw a javelin. The javelin pierces through Terence!
Throw: 4 javelins
Press: ? - help, Shift-Dir - straight line, f/p - Terence
Aim: Terence, wielding a +0 trident of protection and wearing a +0 scale mail (moderately wounded, 54% to hit)
You throw a javelin.
The javelin hits Terence and shatters, but does no damage.
Throw: 3 javelins
Press: ? - help, Shift-Dir - straight line, f/p - Terence
Aim: Terence, wielding a +0 trident of protection and wearing a +0 scale mail (moderately wounded, 54% to hit)
You throw a javelin. The javelin closely misses Terence.
Terence barely misses you.
You roll towards Terence!
You barely miss Terence. Terence barely misses you.
You closely miss Terence.
Terence hits you with a +0 trident of protection.
You completely miss Terence. You tail-slap Terence.
Terence hits you but does no damage.
You hit Terence but do no damage.
Terence hits you with a +0 trident of protection.
You hit Terence but do no damage.
Terence hits you with a +0 trident of protection.
You hit Terence but do no damage.
Terence hits you with a +0 trident of protection!
You hit Terence but do no damage. Terence hits you but does no damage.
You hit Terence but do no damage.
Terence hits you with a +0 trident of protection!
* * * LOW HITPOINT WARNING * * *
You barely miss Terence.
Terence hits you with a +0 trident of protection!
You die...
Terence says, "That felt goooood."

.#
#.##.##...####.##..#
.#
#..................#
.#
####.###>......###..
.# #.# #..####.#
#### .# #.# #..# #.#
.# #.# #..# .# #.#
#..# .#
#.###..####.# .#
#...>.@@...(# .#
###..........# .#
#.##.#####(# .#
#.##.# .## ##.##.#
..# #.<...# #.#
#..#..## #.#
#..#..... #.# #..#
.####


You could see Terence.

Vanquished Creatures
  A dart slug (D:1)
  4 endoplasms
  A giant cockroach (D:1)
  5 goblins
  3 hobgoblins
  10 jackals
  5 kobolds
  2 quokkas (D:1)
  2 ball pythons (D:1)
  5 bats
  2 frilled lizards (D:1)
40 creatures vanquished.

Notes
Turn   | Place    | Note
-------+----------+-------------------------------------------
     0 | D:1      | Colgate the Armataur Hedge Wizard began the quest for the
                  | Orb.
     0 | D:1      | Reached XP level 1. HP: 14/14 MP: 4/4
   100 | D:1      | Reached skill level 1 in Fighting
   366 | D:1      | Reached XP level 2. HP: 23/23 MP: 5/5
   688 | D:1      | Reached skill level 2 in Fighting
   887 | D:1      | Reached XP level 3. HP: 12/30 MP: 0/7
  1658 | D:2      | Noticed Terence
  1830 | D:2      | Reached skill level 3 in Fighting
  1947 | D:2      | Slain by Terence

Illustrated notes

Levels and vault maps discovered:
D:1:      noname_arrival_rooms_in_the_neighbourhood, layout_basic
D:2:      layout_loops_ring, nrook_uturn, minmay_misc_feat_rugged, uniq_terence

Skill      XL: |  1  2  3 |
---------------+----------+-----
Fighting       | 1 2 3 |  3.0
Dodging        | |  1.3
Stealth        | |  2.1
Spellcasting   | |  2.6
Conjurations   | |  0.8
Summonings     | |  0.7
Translocations | |  1.0

Action                     || total
---------------------------++-------
  Melee: Dagger            ||    99
         Tailslap          ||    12
         Punch             ||     2
         Whip              ||    34
  Throw: Javelin           ||     3
   Cast: Magic Dart        ||    61
   Stab: Sleeping          ||     5
 Armour: Robe              ||   102
         Plate armour      ||    34
  Dodge: Dodged            ||    99
